 Dungeon Crawl Stone Soup version 0.26-a0-651-gb41185065b (webtiles) character file.

Game seed: 4953665694540282514

153 aty692 the Cudgeler (level 5, -5/47 HPs)
             Began as a Minotaur Monk on Sept 29, 2020.
             Slain by an ogre
             ... wielding a +0 giant club
              (13 damage)
             ... on level 4 of the Dungeon.
             The game lasted 00:03:44 (2935 turns).

aty692 the Cudgeler (Minotaur Monk)                 Turns: 2935, Time: 00:03:44

Health: -5/47      AC:  2    Str: 16    XL:     5   Next: 12%
Magic:  4/4        EV: 14    Int:  7    God:
Gold:   182        SH:  0    Dex: 13    Spells: 4/4 levels left

rFire    . . .     SeeInvis .   k - +3 hand axe
rCold    . . .     Faith    .   (no shield)
rNeg     . . .     Spirit   .   b - +0 robe
rPois    .         Reflect  .   (helmet restricted)
rElec    .         Harm     .   (no cloak)
rCorr    .         Rampage  .   (no gloves)
MR       .....                  (no boots)
Stlth    ++........             e - amulet of magic regeneration
HPRegen  0.15/turn              (no ring)
MPRegen  0.34/turn              (no ring)

@: lethally poisoned (-5 -> -7)
A: retaliatory headbutt, horns 2
a: no special abilities


You were on level 4 of the Dungeon.
You visited 1 branch of the dungeon, and saw 4 of its levels.

You collected 182 gold pieces.

Inventory:

Hand Weapons
 a - a +0 mace
 k - a +3 hand axe (weapon)
Armour
 b - a +0 robe (worn)
Jewellery
 e - an amulet of magic regeneration (around neck)
Scrolls
 g - a scroll of remove curse
 h - 2 scrolls of teleportation
Potions
 c - 3 potions of brilliance {unknown}
 d - 2 potions of haste {unknown}
 f - a potion of mutation {unknown}
 i - a potion of heal wounds {unknown}
 j - a potion of might {unknown}
 l - a potion of curing {unknown}


   Skills:
 + Level 4.3 Fighting
 + Level 0.7(3.4) Axes
 + Level 5.3(5.4) Maces & Flails
 + Level 4.0 Dodging
 + Level 2.4 Stealth


You had 4 spell levels left.
You didn't know any spells.
Your spell library was empty.

Dungeon Overview and Level Annotations

Branches:
Dungeon (4/15)
 Temple: D:4-7

Altars:
Dithmenos
Sif Muna
Uskayaw


Innate Abilities, Weirdness & Mutations

You reflexively headbutt those who attack you in melee.
You have a pair of horns on your head.


Message History

You slash the ogre! Your headbutt misses the ogre.
The ogre is severely wounded.
You feel sick. The ogre closely misses you.
You hit the ogre but do no damage.
The ogre is severely wounded.
The ogre barely misses you.
You hit the ogre.
The ogre is almost dead.
You feel sick. The ogre hits you with a +0 giant club.
You barely miss the ogre.
The ogre is almost dead.
The ogre hits you with a +0 giant club!!
Ouch! That really hurt!
* * * LOW HITPOINT WARNING * * *
You are too injured to fight recklessly!
You hit the ogre.
You headbutt the ogre, but do no damage.
The ogre is almost dead.
The ogre hits you with a +0 giant club!
You die...

.......####.##
.......# #..#
.......# ##.#
.......# #.#
.......#
#.#####
..#.####
#.?...# ..#.
##....# #....#
#...@#
#.....O†...#
#..........#
#..........#
..........?.#
...(....##.###
........# .#
######. .#


You could see an ogre.

Vanquished Creatures
  A scorpion (D:4)
  4 adders
  2 worms (D:3)
  2 dart slugs
  2 leopard geckos
  An orc (D:3)
  5 giant cockroaches
  8 goblins
  4 hobgoblins (D:1)
  3 jackals (D:3)
  6 kobolds
  2 quokkas
  A ball python (D:3)
  5 bats
  3 frilled lizards
  5 rats
54 creatures vanquished.

Notes
Turn   | Place    | Note
-------+----------+-------------------------------------------
     0 | D:1      | aty692 the Minotaur Monk began the quest for the Orb.
     0 | D:1      | Reached XP level 1. HP: 19/19 MP: 0/0
   355 | D:1      | Reached XP level 2. HP: 27/27 MP: 1/1
   637 | D:1      | Reached skill level 4 in Maces & Flails
  1116 | D:2      | Reached XP level 3. HP: 26/33 MP: 2/2
  1453 | D:2      | Found a shimmering blue altar of Sif Muna.
  1453 | D:2      | Found a shadowy altar of Dithmenos.
  2069 | D:3      | Reached XP level 4. HP: 38/40 MP: 3/3
  2260 | D:3      | Reached skill level 5 in Maces & Flails
  2328 | D:3      | Noticed a +0 dagger
  2328 | D:3      | Noticed a +0 dagger
  2330 | D:3      | Found a hide-covered altar of Uskayaw.
  2783 | D:4      | Reached XP level 5. HP: 28/47 MP: 4/4
  2925 | D:4      | Noticed an ogre
  2935 | D:4      | Slain by an ogre

Illustrated notes

Levels and vault maps discovered:
D:1:      erik_arrival_orb_chamber, layout_basic, minmay_crystal_water
D:2:      layout_loops_ring, gammafunk_temple_overflow_pools
D:3:      minmay_spotlight, layout_basic, dancing_weapons_uskayaw,
          kennysheep_pointless_box
D:4:      layout_basic, serial_shops, shop, nicolae_shop_statue_plus,
          kennysheep_mini_moat, uniq_eustachio

Skill      XL: |  1  2  3  4 |
---------------+-------------+-----
Maces & Flails | 4 5 |  5.3
Fighting       | 4 |  4.3
Stealth        | 2 |  2.4
Dodging        | 4 |  4.0
Axes           | |  0.7

Action                   |  1- 3 |  4- 6 || total
-------------------------+-------+-------++-------
Melee: Mace              |    73 |    13 ||    86
       Headbutt          |     8 |    10 ||    18
       Hand axe          |       |    27 ||    27
  Use: Scroll            |     2 |     2 ||     4
 Stab: Sleeping          |     4 |     2 ||     6
Armor: Robe              |    10 |     1 ||    11
Dodge: Dodged            |    49 |    27 ||    76

Table legend: (Time is in decaauts)
 A = Elapsed time spent in this place.
 B = Non-inter-level travel time spent in this place.
 C = Inter-level travel time spent in this place.
 D = Time resting spent in this place.
 E = Time spent auto-exploring this place.
 F = Levels seen in this place.
 G = Mean time per level.
                   A        B        C        D        E       F      G
               +--------+--------+--------+--------+--------+-----+--------+
         Total |   2953 |   2953 |      0 |    376 |   2158 |   4 |  738.2 |
       Dungeon |   2953 |   2953 |      0 |    376 |   2158 |   4 |  738.2 |
               +--------+--------+--------+--------+--------+-----+--------+

Top non-repeatable levels by time:
     D:3: 1058 daAuts
     D:1: 970 daAuts
     D:2: 756 daAuts
     D:4: 169 daAuts
